 Dungeon Crawl Stone Soup version 0.28.0-53-g5a82cb258f (webtiles) character file.

Game seed: 2813834897522478871

182 mcbry74 the Poker (level 5, 0/38 HPs)
             Began as a Merfolk Gladiator on June 24, 2022.
             Was an Initiate of the Shining One.
             Slain by a black bear (4 damage)
             ... on level 4 of the Dungeon.
             The game lasted 00:14:51 (3112 turns).

mcbry74 the Poker (Merfolk Gladiator)               Turns: 3112, Time: 00:14:53

Health: 0/38       AC:  7    Str: 14    XL:     5   Next: 61%
Magic:  5/5        EV: 13    Int:  9    God:    the Shining One [......]
Gold:   142        SH:  0    Dex: 16    Spells: 4/4 levels left

rFire   . . .      SeeInvis .   a - +0 trident
rCold   . . .      Faith    .   (no shield)
rNeg    . . .      Spirit   .   b - +0 leather armour
rPois   .          Reflect  .   c - +0 helmet
rElec   .          Harm     .   e - +2 cloak
rCorr   .          Rampage  .   (no gloves)
Will    +....                   (no boots)
Stlth   +.........              (no amulet)
HPRegen 0.12/turn               f - ring of willpower
MPRegen 0.09/turn               (no ring)

@: glowing
A: (nimble swimmer 2), mertail
a: Renounce Religion


You were on level 4 of the Dungeon.
You worshipped the Shining One.
The Shining One was noncommittal.
You visited 1 branch of the dungeon, and saw 4 of its levels.

You collected 142 gold pieces.

Inventory:

Hand Weapons
 a - a +0 trident (weapon)
Missiles
 d - 2 throwing nets
 g - 100 stones
 o - a boomerang (quivered)
 p - 9 poisoned darts
Armour
 b - a +0 leather armour (worn)
 c - a +0 helmet (worn)
 e - a +2 cloak (worn)
Jewellery
 f - a ring of willpower (left hand)
Wands
 l - a wand of polymorph (8)
Scrolls
 h - a scroll of identify {unknown}
 j - a scroll of fear {unknown}
 k - a scroll of amnesia {unknown}
Potions
 i - a potion of curing {unknown}
 m - a potion of ambrosia {unknown}
 n - a potion of lignification {unknown}


   Skills:
 - Level 2.1 Fighting
 * Level 7.7 Polearms
 + Level 3.5 Throwing
 - Level 4.0 Dodging


You had 4 spell levels left.
You didn't know any spells.
Your spell library contained the following spells:

 Spells                   Type           Power      Damage    Failure   Level
 Shock                    Conj/Air       0%         1d3       45%         1
 Swiftness                Air            0%         N/A       83%         3
 Airstrike                Air            0%         N/A       99%         4


Dungeon Overview and Level Annotations

Branches:
Dungeon (4/15)
 Temple: D:4-7

Altars:
Dithmenos
Makhleb
Yredelemnul
Zin
The Shining One

Annotations:
D:3 1 runed translucent door, 2 transporters, Crazy Yiuf; NiggerDarts's ghost, amateur HuFi


Innate Abilities, Weirdness & Mutations

((You are very nimble when in or above water. (Stealth+, EV+, Speed+++)))
Your lower body shifts to a powerful aquatic tail in water.


Message History

Throw: boomerang
Press: ? - help, Q - select action, (/) - cycle Shift-Dir - straight line, f/p - black bear
Aim: a black bear (severely wounded, berserk, very poisoned, 69% to hit)
You throw a boomerang. The boomerang hits the black bear.
The black bear is severely wounded.
Reach: a) +0 trident
Press: ? - help, Dir - move target, f/p - black bear
Aim: a black bear (severely wounded, berserk, very poisoned, about 30% to evade your +0 trident)
You reach to attack!
You barely miss the black bear.
The black bear is severely wounded.
You hear the slow hiss of an avalanche of sand very nearby.
The black bear bites you. The black bear barely misses you.
The black bear closely misses you.
You hit the black bear.
The black bear is almost dead.
The black bear bites you! The black bear claws you.
The black bear barely misses you.
You hit the black bear but do no damage.
The black bear is almost dead.
The black bear misses you.
The black bear claws you but does no damage.
The black bear closely misses you.
You barely miss the black bear.
The black bear is almost dead.
The black bear bites you! The black bear misses you.
The black bear completely misses you. The black bear bites you.
* * * LOW HITPOINT WARNING * * *
The black bear closely misses you. The black bear barely misses you.
You hit the black bear.
The black bear is almost dead.
The black bear bites you.
* * * LOW HITPOINT WARNING * * *
The black bear claws you but does no damage. x2
Reach: a) +0 trident
Press: ? - help, Dir - move target, f/p - black bear
Aim: a black bear (almost dead, berserk, very poisoned, about 30% to evade your +0 trident)
You closely miss the black bear.
The black bear is almost dead.
The black bear bites you.
You die...

.. .. .( ..
#(#.# #.#.#
#>#.# #.#.#
#.h.# #@.#
##..# #...#
#†<##
#.....>..>.....
######..####...
#..# ...# ##.##


You could see a black bear (berserk, very poisoned).

Vanquished Creatures
  An orc priest (D:3)
  Natasha (D:4)
  2 adders
  An ufetubus (D:2)
  4 dart slugs
  6 orcs (D:3)
  10 ball pythons
  4 endoplasms
  13 giant cockroaches
  8 goblins
  4 hobgoblins
  3 jackals (D:3)
  5 kobolds
  3 quokkas
  9 bats
  4 frilled lizards
  5 rats
83 creatures vanquished.

Vanquished Creatures (others)
  A fungus (D:3)
  6 plants (D:3)
7 creatures vanquished.

Grand Total: 90 creatures vanquished

Notes
Turn   | Place    | Note
-------+----------+-------------------------------------------
     0 | D:1      | mcbry74 the Merfolk Gladiator began the quest for the Orb.
     0 | D:1      | Reached XP level 1. HP: 16/16 MP: 1/1
   217 | D:1      | Reached XP level 2. HP: 22/22 MP: 2/2
   226 | D:1      | Reached skill level 5 in Polearms
   975 | D:2      | Reached XP level 3. HP: 26/27 MP: 3/3
  1051 | D:2      | Found a faded altar of an unknown god.
  1283 | D:2      | Reached skill level 6 in Polearms
  1473 | D:2      | Reached XP level 4. HP: 24/33 MP: 4/4
  1972 | D:3      | Found a runed translucent door.
  1973 | D:3      | Noticed Crazy Yiuf
  2016 | D:3      | Found a transporter.
  2018 | D:3      | Found a transporter.
  2043 | D:3      | Noticed NiggerDarts's ghost (amateur HuFi)
  2233 | D:3      | Noticed Sigmund
  2234 | D:3      | Noticed Sigmund
  2234 | D:3      | Sigmund changed into Sigmund the endoplasm
  2236 | D:3      | Killed Sigmund the endoplasm
  2286 | D:3      | Identified the +2 scale mail of Ysim {rC+ Int+3}
  2286 | D:3      | Noticed a gnoll sergeant
  2360 | D:3      | Reached skill level 7 in Polearms
  2360 | D:3      | Reached XP level 5. HP: 6/38 MP: 5/5
  2837 | D:3      | Found a basalt altar of Yredelemnul.
  2842 | D:3      | Found a burning altar of Makhleb.
  2845 | D:3      | Found a glowing silver altar of Zin.
  2849 | D:3      | Found a glowing golden altar of the Shining One.
  2855 | D:3      | Found a shadowy altar of Dithmenos.
  2879 | D:3      | Became a worshipper of the Shining One
  3056 | D:4      | Noticed Natasha
  3063 | D:4      | Killed Natasha
  3101 | D:4      | Noticed a black bear
  3112 | D:4      | Slain by a black bear

Illustrated notes

Levels and vault maps discovered:
D:1:      lightli_arrival_flooded_house, layout_loops_ring
D:2:      minmay_roachtagon, layout_loops_ring,
          chequers_ecumenical_altar_simple, kennysheep_donut
D:3:      layout_loops_cross, nicolae_overflow_hallway_of_the_gods,
          gammafunk_ghost_gnarly_gnolls, uniq_crazy_yiuf_cottage, uniq_sigmund
D:4:      layout_loops_ring, chequers_temple_overflow_statue_of_worship,
          serial_shops, shop, nicolae_shop_advertising_works
          [nicolae_subvault_shop_adworks], shop, nicolae_shop_waterfront,
          enter_ossuary_5, due_unseen_surprise, uniq_natasha, uniq_robin

Skill      XL: |  1  2  3  4 |
---------------+-------------+-----
Polearms       | 5 6 7 |  7.7
Throwing       | 3 |  3.5
Fighting       | |  2.1
Dodging        | |  4.0

Action                   |  1- 3 |  4- 6 || total
-------------------------+-------+-------++-------
Melee: Trident           |   143 |   129 ||   272
       Punch             |     1 |       ||     1
       Tailslap          |       |     1 ||     1
Throw: Stone             |       |     8 ||     8
       Boomerang         |       |     7 ||     7
       Dart              |       |     6 ||     6
       Throwing net      |       |     1 ||     1
Evoke: Wand              |       |     1 ||     1
  Use: Scroll            |     1 |       ||     1
 Stab: Sleeping          |     1 |     3 ||     4
Armor: Leather armour    |    34 |    28 ||    62
Dodge: Dodged            |    97 |    53 ||   150
